 Dungeon Crawl Stone Soup version 0.19.1-1-g22dce08 (webtiles) character file.

207 Lennu the Slasher (level 5, -10/69 HPs)
             Began as a Draconian Monk on Jan 9, 2017.
             Killed by divine providence
             ... invoked by an orc priest
              (14 damage)
             ... on level 3 of the Dungeon.
             The game lasted 00:07:45 (2647 turns).

Lennu the Slasher (Draconian Monk)                  Turns: 2647, Time: 00:07:45

Health: -10/69     AC: 22    Str: 12 (14) XL:     5   Next: 54%
Magic:  5/5        EV:  2    Int:  9 (10) God:
Gold:   135        SH:  0    Dex: 12 (14) Spells: 0 memorised, 4 levels left

rFire  . . .     SeeInvis .     a - +0 falchion
rCold  . . .     Gourm    +     (armour unavailable)
rNeg   + + +     Faith    .     (no shield)
rPois  +         Spirit   .     (helmet currently unavailable)
rElec  .         Reflect  .     (cloak currently unavailable)
rCorr  .         Harm     .     (gloves currently unavailable)
MR     .....     NoTele   +     (boots currently unavailable)
Stlth  +++.......               f - amulet of the gourmand
                                o - ring of positive energy
                                s - ring of stealth

@: tree-form
A: unfitting armour, (cold-blooded), AC +5
a: no special abilities


You were on level 3 of the Dungeon.
You were very full.
You were a tree.
You visited 1 branch of the dungeon, and saw 3 of its levels.

You collected 135 gold pieces.

Inventory:

Hand Weapons
 a - a +0 falchion (weapon)
Missiles
 r - 4 tomahawks (quivered)
Armour
 t - a +0 pair of boots (melded)
Jewellery
 f - an amulet of the gourmand (around neck)
 i - an uncursed ring of see invisible
 o - a ring of positive energy (right branch)
 s - a ring of stealth (left branch)
Scrolls
 c - a scroll of recharging
 d - a scroll of magic mapping
 h - 5 scrolls of identify {unknown}
 n - a scroll of remove curse {unknown}
 p - a scroll of teleportation {unknown}
Potions
 v - 2 potions of cancellation
Comestibles
 b - 4 bread rations
 g - a slice of pizza
 k - 2 beef jerkies
 m - 2 meat rations
 u - 2 chunks of flesh


   Skills:
 * Level 4.2 Fighting
 * Level 4.4 Long Blades
 * Level 1.2 Throwing
 * Level 3.5 Dodging
 + Level 2.5 Stealth


You had 4 spell levels left.
You didn't know any spells.

Dungeon Overview and Level Annotations

Branches:
Dungeon (3/15)

Altars:
Hepliaklqana
Xom


Innate Abilities, Weirdness & Mutations

((Your plain brown scales are hard. (AC +5)))
You cannot fit into any form of body armour.
((You are cold-blooded and may be slowed by cold attacks.))


Message History

You feel magically purged.
You feel less invigorated.
You feel less confused.
You feel a little less mighty now.
You hear some strange, mumbled words.
A puff of flame appears from out of thin air!
The puff of flame hits you!
* * * LOW HITPOINT WARNING * * *
It was a potion of lignification.
You turn into a tree.
Your +0 pair of boots melds into your body.
Your roots penetrate the ground.
Something hits you but does no damage.
The orc cheers repeatedly.
As you read the scroll labeled LOINLERPHEM, it crumbles to dust.
It is a scroll of recharging.
You aren't carrying any rechargeable items.
Something hits you but does no damage.
As you read the scroll labeled EJOCIM JATIESCH, it crumbles to dust.
You feel aware of your surroundings.
It was a scroll of magic mapping.
Something hits you but does no damage.
The orc priest invokes the aid of Beogh against you.
Beogh smites you!
You die...

#.# ######..####.##. #.#
#...##..#.....).
#)####.#.##....##.### *****
#.##...#...#...##.# ,,,,*
#.##.#####........# ***,*
#......#......#####
,,*,********######.#.##.###
*,,,,,,,...#######...##.#
,,,,***,...ooog{♣.#####.# *****
*,##.oo####.# ##.## *
*,*#.,,***#.# #...# *
*,**,,,,,*#.# #>..# *
*,***,,*,*#.# #...#
*******,,,,,,*,*#.# #...#
*,,,,,*****,,,>,..####...######
*,,,,,********,*#...).........##*
*,,,,,,,,,,***,,,..............##


You could see an orc priest, 4 orcs and a goblin.

Vanquished Creatures
  Ijyb (D:2)
  2 orc wizards (D:3)
  Robin (D:3)
  A gnoll (D:2)
  4 adders (D:3)
  An ooze (D:1)
  2 worms
  2 dart slugs
  2 leopard geckos
  5 orcs
  2 giant cockroaches (D:2)
  9 goblins
  8 hobgoblins
  7 kobolds
  2 ball pythons (D:2)
  3 bats
  A frilled lizard (D:1)
  4 rats
57 creatures vanquished.

Notes
Turn   | Place    | Note
-------+----------+-------------------------------------------
     0 | D:1      | Lennu the Draconian Monk began the quest for the Orb.
     0 | D:1      | Reached XP level 1. HP: 19/19 MP: 1/1
   129 | D:1      | Reached XP level 2. HP: 23/26 MP: 2/2
   755 | D:2      | Noticed Ijyb
   812 | D:2      | Killed Ijyb
   812 | D:2      | Reached XP level 3. HP: 30/33 MP: 3/3
   853 | D:2      | Found a shimmering altar of Xom.
  1298 | D:2      | Reached XP level 4. HP: 11/40 MP: 4/4
  1621 | D:2      | Found a hazy altar of Hepliaklqana.
  1932 | D:3      | Reached skill level 1 in Throwing
  2273 | D:3      | Noticed Robin
  2280 | D:3      | Reached XP level 5. HP: 45/46 MP: 5/5
  2296 | D:3      | Killed Robin
  2644 | D:3      | HP: 2/46 [something/puff of flame (9)]
  2647 | D:3      | Killed from afar by an orc priest

Skill      XL: |  1  2  3  4 |
---------------+-------------+-----
Dodging        | 3 |  3.5
Stealth        | 2 |  2.5
Fighting       | 4 |  4.2
Throwing       | 1 |  1.2
Long Blades    | 4 |  4.4

Action                   |  1- 3 |  4- 6 || total
-------------------------+-------+-------++-------
Melee: Falchion          |    92 |   112 ||   204
       Tailslap          |    12 |    22 ||    34
  Use: Potion            |       |     5 ||     5
       Scroll            |       |     2 ||     2
 Stab: Sleeping          |     4 |     1 ||     5
  Eat: Chunk             |    10 |     6 ||    16
Armor: Skin              |    25 |    46 ||    71
Dodge: Dodged            |    64 |    82 ||   146
       Rpst.: Falchion   |    23 |    30 ||    53
